Cogmind - Beta 14 @@@ ROGUE MODE // 2024.11.28 @ 01:37:42 Player: Chloroform Result: Destroyed by H-61 Shepherd with Heavy Assault Cannon Performance ------------- Evolutions (3) 1500 Regions Visited (6) 1200 Robots Destroyed (73) 365 Value Destroyed (1927) 1927 Prototype IDs (2) 40 Alien Tech Used (0) 0 Bonus (46) 46 TOTAL SCORE: 5078 Bonus ------- High Alert Combat Kills 11 Follower Combat Kills 35 Cogmind --------- Core Integrity 0/700 Matter 239/300 Energy 98/100 System Corruption 9% Temperature Cool (0) Movement Core (50) Location -7/Factory Parts ------- > --- POWER (2) -------- (None) > --- PROPULSION (4) --- (None) > --- UTILITY (4) ------ Visual Processing Unit > --- WEAPON (3) ------- (None) > --- INVENTORY (5) ---- Improved Ion Engine Compact Wheel Surge Thruster Weight Redist. System Shotgun Peak State ------------ > --- POWER ------------ Improved Ion Engine Hybrid Deuterium Engine > --- PROPULSION ------- Titanium Leg VSS Leg Improved Titanium Leg Improved Titanium Leg > --- UTILITY ---------- Large Storage Unit Visual Processing Unit Improved Field Recycling Unit > --- WEAPON ----------- Lightning Gun Gauss Rifle Great Axe > --- INVENTORY -------- Light Ion Engine Improved Ion Engine Aluminum Leg Wheel Wheel Compact Wheel Surge Thruster Weight Redist. System Experimental Sensor Array Propulsion Shielding Heavy Assault Rifle Shotgun Shotgun Shotgun [Rating: 42] Favorites ----------- Power Ion Engine Engine Ion Engine Power Core Light Nuclear Core Propulsion Aluminum Leg Leg Aluminum Leg Wheel Compact Wheel Utility Visual Processing Unit Device Weight Redist. System Storage Large Storage Unit Processor Visual Processing Unit Protection Propulsion Shielding Weapon Assault Rifle Energy Gun Lightning Gun Ballistic Gun Assault Rifle Ballistic Cannon Light Cannon Launcher Rocket Launcher Impact Weapon Powered Hammer Slashing Weapon Great Axe Build | -11 -10 -10 -10 -9 -8 -7 ------- Run | Yrd Mat Min Exi Min Mat Fac Slots Evolved 6 | . . . . . 4 2 Power 1 | . . . . . . 1 Propulsion 2 | . . . . . 1 1 Utility 2 | . . . . . 2 . Weapon 1 | . . . . . 1 . Parts Attached 90 | . 18 2 . 5 36 29 Power 16 | . 2 . . . 6 8 Engine 15 | . 2 . . . 6 7 Core 1 | . . . . . . 1 Reactor . | . . . . . . . Propulsion 25 | . 6 1 . 1 9 8 Treads . | . . . . . . . Leg 11 | . . . . . 3 8 Wheel 14 | . 6 1 . 1 6 . Hover . | . . . . . . . Flight . | . . . . . . . Utility 10 | . 3 . . . 3 4 Device 4 | . . . . . 2 2 Storage 3 | . 2 . . . 1 . Processor 1 | . 1 . . . . . Hackware . | . . . . . . . Protection 2 | . . . . . . 2 Artifact . | . . . . . . . Weapon 39 | . 7 1 . 4 18 9 Energy Gun 5 | . 2 . . . 1 2 Energy Cannon . | . . . . . . . Ballistic Gun 24 | . 2 1 . 3 14 4 Ballistic Cannon 4 | . 1 . . . 3 . Launcher 3 | . 1 . . 1 . 1 Special Weapon . | . . . . . . . Impact Weapon 1 | . . . . . . 1 Slashing Weapon 2 | . 1 . . . . 1 Piercing Weapon . | . . . . . . . Special Melee Weapon . | . . . . . . . Unidentified Prototypes 2 | . . . . . 1 1 Corrupted Parts 1 | . . . . . . 1 System Corruption 6 | . . . . . . 6 Parts Lost 30 | . 3 1 . 1 6 19 Power 6 | . 1 . . . 1 4 Propulsion 12 | . 1 1 . 1 1 8 Utility 3 | . . . . . . 3 Weapon 9 | . 1 . . . 4 4 Highest Loss Streak 8 | . 1 1 . 1 4 8 To Critical Strikes . | . . . . . . . Average Slot Usage (%) 96 | . 97 99 100 100 97 94 Engine 12 | . 13 14 14 14 9 13 Leg 12 | . 4 . . . 5 29 Wheel 15 | . 22 27 28 28 21 . Device 7 | . . . . . 13 10 Storage 11 | . 14 14 14 14 12 6 Processor 10 | . 13 14 14 14 9 7 Energy Gun 2 | . 4 4 . . . 3 Ballistic Gun 17 | . 18 9 14 26 21 12 Ballistic Cannon 3 | . 3 14 14 . 3 . Peak Build Rating 42 | 6 10 10 10 11 33 42 Average Rating 16 | 6 8 9 10 10 23 37 On Entrance 12 | 6 6 10 10 10 11 33 Naked Turns . | . . . . . . . Heaviest Build 66 | 13 31 31 29 31 41 66 Greatest Support 65 | 20 32 32 32 32 50 65 Greatest Overweight (x) 12 | . 4 1 . . 1 12 Average Overweight (x) . | . . . . . . . Largest Inventory Capacity 15 | 8 15 15 15 15 15 15 Average Capacity 12 | 8 11 15 15 15 15 14 Most Carried 15 | 6 14 15 15 15 15 15 Average Carried 10 | 6 9 13 15 14 14 14 Final Capacity 15 | 8 15 15 15 15 15 5 Final Carried 15 | 6 13 15 15 15 14 5 Class Distribution -------------------- 66% | Mutant 21% | Scavenger-Skirmisher 7% | Scavenger-Tank 4% | Scavenger-Mutant Dominant Class ---------------- Mutant | -10/Materials Mutant | -10/Mines Mutant | -10/Exiles Mutant | -9/Mines Scavenger-Skirmisher | -8/Materials Scavenger-Tank | -7/Factory Resources | -11 -10 -10 -10 -9 -8 -7 ----------- Run | Yrd Mat Min Exi Min Mat Fac Matter Collected 2054 | 200 410 94 . 100 911 339 Remotely . | . . . . . . . Salvage Created 2347 | . 571 133 . 1 1089 553 Parts 149 | . 48 8 . 2 66 25 Haulers Intercepted 4 | . 1 . . . 3 . Recyclers Shooed 1 | . . 1 . . . . Parts Field Recycled 23 | . . . . . . 23 Retrieved Matter 262 | . . . . . . 262 Parts Self-Destructed . | . . . . . . . Prevented . | . . . . . . . Kills | -11 -10 -10 -10 -9 -8 -7 ------- Run | Yrd Mat Min Exi Min Mat Fac Combat Hostiles Destroyed 50 | . 13 5 . 4 18 10 Melee 1 | . . . . . . 1 Guns 31 | . 10 3 . . 15 3 Cannons 3 | . . 2 . . 1 . AOE 12 | . 3 . . 4 2 3 Classes Destroyed 13 | . 7 1 . . 2 3 Worker 3 | . 3 . . . . . Builder 3 | . 1 . . . 1 1 Tunneler 2 | . . . . . 1 1 Hauler 4 | . 1 . . . 3 . Recycler 5 | . 1 . . . 2 2 Operator 1 | . . . . . . 1 Watcher 5 | . 3 . . . 2 . Swarmer 17 | . 6 3 . 4 4 . Grunt 18 | . 7 . . . 5 6 Sentry 10 | . . 2 . . 7 1 Specialist 1 | . . . . . . 1 Hunter 2 | . . . . . 2 . Programmer 2 | . . . . . . 2 Best Kill Streak 5 | . 4 3 . 4 5 5 Combat Bots Only 4 | . 3 3 . 4 4 3 Max Kills in Single Turn 3 | . 3 1 . 2 2 2 Gunslinging . | . . . . . . . Exploded 3 | . 3 . . 2 1 1 Melee 1 | . . . . . . 1 Uniques/NPCs Destroyed . | . . . . . . . Combat | -11 -10 -10 -10 -9 -8 -7 -------- Run | Yrd Mat Min Exi Min Mat Fac Hostile Shots Fired 360 | . 71 30 . 16 85 158 Missed 101 | . 23 8 . 3 27 40 Damage Taken 4516 | . 529 225 . 124 1076 2562 Core 1094 | . 128 63 . 22 140 741 Absorbed by Shields . | . . . . . . . Redirected to Shielding 153 | . . . . . . 153 Core Remaining (%) 62 | 100 . . . 14 74 . Volleys Fired 173 | . 52 14 . 6 58 43 Largest 3 | . 2 2 . 2 3 3 Hottest 106 | . 100 100 . 43 92 106 Shots Fired 397 | . 98 28 . 7 168 96 Gun 350 | . 94 14 . 2 153 87 Cannon 32 | . 3 14 . . 15 . Launcher 15 | . 1 . . 5 . 9 Special . | . . . . . . . Kinetic 341 | . 85 21 . 2 168 65 Thermal 19 | . 12 7 . . . . Explosive 15 | . 1 . . 5 . 9 Electromagnetic 22 | . . . . . . 22 Robot Hit Streak 10 | . 8 4 . 2 10 9 Robot Miss Streak 7 | . 5 2 . 2 5 7 Penetration Max 1 | . . . . . 1 . Secondary Targets 3 | . 1 . . . 2 . Max Gunslinging Chain 1 | . 1 . . . 1 . Shots Hit Robots 237 | . 58 16 . 2 96 65 Core Hits 116 | . 32 7 . 6 51 20 Critical Kills 1 | . 1 . . . . . Critical Parts Destroyed 5 | . . . . . 1 4 Critical Strikes 7 | . 1 1 . . 1 4 Destroy 2 | . 1 . . . 1 . Blast 1 | . . 1 . . . . Smash 4 | . . . . . . 4 Melee Attacks 30 | . 11 . . . . 19 Impact 18 | . . . . . . 18 Slashing 12 | . 11 . . . . 1 Piercing . | . . . . . . . Sneak Attacks 2 | . . . . . . 2 Combat Hostiles . | . . . . . . . Follow-up Attacks 1 | . . . . . . 1 Damage Inflicted 5111 | . 876 229 . 230 1786 1990 Guns 3250 | . 781 117 . 11 1503 838 Cannons 239 | . . 112 . . 127 . Explosions 978 | . 95 . . 219 156 508 Melee 629 | . . . . . . 629 Ramming 15 | . . . . . . 15 Kinetic 3108 | . 655 154 . 11 1630 658 Thermal 357 | . 126 75 . . 156 . Explosive 822 | . 95 . . 219 . 508 Electromagnetic 180 | . . . . . . 180 Impact 629 | . . . . . . 629 Slashing . | . . . . . . . Piercing . | . . . . . . . Highest Corruption 9 | . . . . . . 9 Average Corruption 3 | . . . . . . 3 Corruption Purged . | . . . . . . . Corruption Blocked . | . . . . . . . Effects 19 | . . . . . . 19 Message Errors 6 | . . . . . . 6 Matter Fused 3 | . . . . . . 3 Heat Flow Errors 5 | . . . . . . 5 Energy Discharges 3 | . . . . . . 3 Misfires 1 | . . . . . . 1 Alerts 1 | . . . . . . 1 Overload Shots . | . . . . . . . Overflow Damage 448 | . . . . 28 100 320 Projectiles . | . . . . . . . Explosions 128 | . . . . 28 100 . Melee 320 | . . . . . . 320 Knockbacks 4 | . . 2 . . 1 1 Impact 1 | . . . . . . 1 Kinetic 3 | . . 2 . . 1 . Secondary . | . . . . . . . Self-Inflicted Damage 264 | . . . . 24 182 58 Shots 6 | . . . . 1 3 2 Rammed . | . . . . . . . Targets Rammed 4 | . . . . . . 4 Kicked 4 | . . . . . . 4 Crushed . | . . . . . . . Highest Temperature 695 | . 180 234 . . 69 695 Average Temperature 111 | . 69 77 . . 17 189 Received Heat Transfer 1263 | . 240 54 . 6 252 711 Effects 17 | . . . . . . 17 Shutdowns 3 | . . . . . . 3 Energy Bleed 2 | . . . . . . 2 Damage (minor) 4 | . . . . . . 4 Damage (major) 8 | . . . . . . 8 Siege Activations . | . . . . . . . Robots Corrupted 4 | . . . . . . 4 Combat Hostiles 3 | . . . . . . 3 Parts Fried 10 | . . . . . . 10 Impact Corruptions 12 | . . . . . . 12 Robots Melted . | . . . . . . . Combat Hostiles . | . . . . . . . Parts Melted . | . . . . . . . Heat Transferred 631 | . 296 185 . . 150 . Parts Sabotaged . | . . . . . . . Parts Stolen . | . . . . . . . Parts Stripped . | . . . . . . . Power Chain Reactions . | . . . . . . . Alert | -11 -10 -10 -10 -9 -8 -7 ------- Run | Yrd Mat Min Exi Min Mat Fac Peak Influence 461 | . 270 161 . 106 461 344 Initial 209 | . . 46 . . 16 209 Average 103 | . 117 137 . 71 213 188 Maximum Alert Level 2 | . 1 . . . 2 1 Low Security (%) 76 | 100 75 100 . 100 39 51 Level 1 22 | . 24 . . . 56 48 Level 2 . | . . . . . 3 . Level 3 . | . . . . . . . Level 4 . | . . . . . . . Level 5 . | . . . . . . . High Security . | . . . . . . . Max Security . | . . . . . . . Squads Dispatched 11 | . 2 . . . 4 5 Investigation 3 | . 1 . . . 2 . Extermination 2 | . . . . . . 2 Reinforcement 6 | . 1 . . . 2 3 Assault . | . . . . . . . Garrison . | . . . . . . . Intercept . | . . . . . . . Searches Triggered . | . . . . . . . Construction Impeded 1 | . . . . . 1 . Haulers Reinforced . | . . . . . . . Active Scanning Responses . | . . . . . . . Cargo Convoy Interrupts . | . . . . . . . Stealth | -11 -10 -10 -10 -9 -8 -7 --------- Run | Yrd Mat Min Exi Min Mat Fac Distress Signals 1 | . . . . . . 1 Communications Jammed 18 | . . . . . . 18 Distress Signals 18 | . . . . . . 18 Times Spotted 94 | . 22 5 . 7 32 28 Peak Tracking Total 6 | . 4 3 . 4 4 6 Tactical Retreats 9 | . 2 . . 1 3 3 Traps | -11 -10 -10 -10 -9 -8 -7 ------- Run | Yrd Mat Min Exi Min Mat Fac Traps Triggered 2 | . . . . . . 2 Indirectly . | . . . . . . . Trap Hack Attempts . | . . . . . . . Triggered . | . . . . . . . Disarmed . | . . . . . . . Reprogrammed . | . . . . . . . Reused . | . . . . . . . Traps Extracted . | . . . . . . . Installed . | . . . . . . . Triggered . | . . . . . . . Machines | -11 -10 -10 -10 -9 -8 -7 ---------- Run | Yrd Mat Min Exi Min Mat Fac Machines Disabled 5 | . . 1 . . 3 1 Max in Single Turn 2 | . . 1 . . 2 1 Machines Repaired . | . . . . . . . Machines Dismantled . | . . . . . . . Machines Sabotaged . | . . . . . . . Overloaded Fab Kills . | . . . . . . . Hacking | -11 -10 -10 -10 -9 -8 -7 --------- Run | Yrd Mat Min Exi Min Mat Fac Machines Accessed 14 | . 6 . . . 4 4 Terminals 13 | . 6 . . . 4 3 Fabricators 1 | . . . . . . 1 Repair Stations . | . . . . . . . Recycling Units . | . . . . . . . Scanalyzers . | . . . . . . . Garrison Access . | . . . . . . . Total Hacks 35 | . 15 . . . 12 8 Successful 19 | . 7 . . . 7 5 Failed 16 | . 8 . . . 5 3 Catastrophic 2 | . 1 . . . . 1 Database Lockouts . | . . . . . . . Manual 9 | . 1 . . . 5 3 Terminals 34 | . 15 . . . 12 7 Fabricators 1 | . . . . . . 1 Repair Stations . | . . . . . . . Recycling Units . | . . . . . . . Scanalyzers . | . . . . . . . Garrison Access . | . . . . . . . Terminal Hacks 13 | . 6 . . . 4 3 Record 3 | . 1 . . . 2 . Emergency Access Points 1 | . . . . . . 1 Alert Level 1 | . . . . . . 1 Locate Traps 2 | . 2 . . . . . Reinforcement Status 1 | . . . . . 1 . Zone Layout 5 | . 3 . . . 1 1 Fabricator Hacks 1 | . . . . . . 1 Network Status 1 | . . . . . . 1 Repair Station Hacks . | . . . . . . . Recycling Unit Hacks . | . . . . . . . Scanalyzer . | . . . . . . . Garrison Access Hacks . | . . . . . . . Unauthorized Hacks 5 | . 1 . . . 3 1 Terminals 5 | . 1 . . . 3 1 Botnet 5 | . 1 . . . 3 1 Fabricators . | . . . . . . . Repair Stations . | . . . . . . . Recycling Units . | . . . . . . . Scanalyzers . | . . . . . . . Garrison Access . | . . . . . . . Data Cores Recovered . | . . . . . . . Used . | . . . . . . . Hacking Detections 11 | . 4 . . . 3 4 Full Trace Events 3 | . 1 . . . 2 . Feedback Events . | . . . . . . . Feedback Blocked . | . . . . . . . Robot Schematics Acquired . | . . . . . . . Robots Built . | . . . . . . . Authchips . | . . . . . . . Time . | . . . . . . . Total Robot Build Rating . | . . . . . . . Part Schematics Acquired . | . . . . . . . Parts Built . | . . . . . . . Authchips . | . . . . . . . Time . | . . . . . . . Total Part Build Rating . | . . . . . . . Parts Repaired . | . . . . . . . Time . | . . . . . . . Parts Recycled . | . . . . . . . Recycled Matter . | . . . . . . . Retrieved Matter . | . . . . . . . Retrieved Components . | . . . . . . . Parts Scanalyzed . | . . . . . . . Part Schematics Acquired . | . . . . . . . Parts Damaged . | . . . . . . . Bothacking | -11 -10 -10 -10 -9 -8 -7 ------------ Run | Yrd Mat Min Exi Min Mat Fac Used RIF Installer . | . . . . . . . Robots Hacked . | . . . . . . . Non-combat . | . . . . . . . Combat . | . . . . . . . Robot Hacks Applied . | . . . . . . . Relay Couplers Released . | . . . . . . . Fabnet Peak Effective % . | . . . . . . . Robots Rewired . | . . . . . . . Allies Hacked . | . . . . . . . Hacks Repelled . | . . . . . . . Allies | -11 -10 -10 -10 -9 -8 -7 -------- Run | Yrd Mat Min Exi Min Mat Fac Total Allies 2 | . . . . 2 . . Largest Group 2 | . . . . 2 . . Highest-Rated Group 49 | . . . . 49 . . Highest-Rated Ally 31 | . . . . 31 . . Total Orders . | . . . . . . . Ally Attacks 14 | . . . . 14 . . Total Damage 211 | . . . . 211 . . Kills 1 | . . . . 1 . . Allies Corrupted . | . . . . . . . Allies Melted 1 | . . . . 1 . . Intel | -11 -10 -10 -10 -9 -8 -7 ------- Run | Yrd Mat Min Exi Min Mat Fac Robot Analysis Total . | . . . . . . . Derelict Logs Recovered 2 | . . 1 . 1 . . Drone Launches . | . . . . . . . Drone Recoveries . | . . . . . . . Exploration | -11 -10 -10 -10 -9 -8 -7 ------------- Run | Yrd Mat Min Exi Min Mat Fac Turns Passed 6991 | 2517 844 367 30 562 1161 1510 Spaces Moved 3326 | 481 573 320 31 524 587 810 Core 14 | . 3 . . . . 11 Treads . | . . . . . . . Legs 1518 | 481 97 . . . 141 799 Wheels 1794 | . 473 320 31 524 446 . Hover . | . . . . . . . Flight . | . . . . . . . Fastest Speed 50 | 120 100 100 100 100 86 50 Average Speed 113 | 120 104 100 100 100 95 142 Slowest Speed 650 | 120 250 115 100 100 113 650 Overloaded Moves . | . . . . . . . Propulsion Burnouts . | . . . . . . . Robots Hopped . | . . . . . . . Cave-ins Triggered . | . . . . . . . Exploration Rate (%) 53 | 45 93 57 8 96 54 21 Regions Visited 6 Branch Regions 3 Pre-discovered Areas 3 | . . 1 . 2 . . Known Exits Taken . | . . . . . . . Unknown Exits Taken 6 | 1 1 1 1 1 1 . Scrap Searched 3 | . . 1 . 2 . . Spaces Dug 9 | . 9 . . . . . Terrain Destroyed 142 | . 21 . . 31 54 36 Melee 9 | . 9 . . . . . Projectile . | . . . . . . . AOE 133 | . 12 . . 31 54 36 Terrain Rammed . | . . . . . . . Walls Destroyed . | . . . . . . . Machines Disabled . | . . . . . . . Actions | -11 -10 -10 -10 -9 -8 -7 --------- Run | Yrd Mat Min Exi Min Mat Fac Total 6160 | 2421 697 340 30 554 1070 1048 Wait 2459 | 1941 16 . . 16 358 128 Move 3320 | 480 572 319 30 523 586 810 Hop . | . . . . . . . Pick Up 40 | . 14 4 . 2 12 8 Fast Attach 21 | . 5 . . . 4 12 Attach 20 | . 2 1 . 1 8 8 Detach . | . . . . . . . Swap 49 | . 11 1 . 4 24 9 Drop 45 | . 14 1 . 2 20 8 Fire 173 | . 52 14 . 6 58 43 Melee 29 | . 11 . . . . 18 Ram . | . . . . . . . Kick 4 | . . . . . . 4 Crush . | . . . . . . . Escape Stasis . | . . . . . . . Rewire . | . . . . . . . Trap . | . . . . . . . Miscellaneous . | . . . . . . . Route ------- -11/Scrapyard -10/Materials (discovered 5 exits: [*Mat x3] / [*Min x2]) -10/Mines (discovered 2 exits: [*Mat] / [*Exi]) -10/Exiles -9/Mines (discovered 2 exits: *Mat x2) -8/Materials (discovered 4 exits: *Fac x2 / [*Sto x2]) -7/Factory History --------- Turn | Location | Event 1 | -11/Scrapyard | Discovered new exit (range 2) 2518 | -11/Scrapyard | Entered Materials 2519 | -10/Materials | Build established: Mutant 2635 | -10/Materials | Discovered new exit (range 17) 2962 | -10/Materials | Discovered new exit (range 17) 3118 | -10/Materials | Core integrity fell below 50% 3150 | -10/Materials | Discovered new exit (range 18) 3225 | -10/Materials | Discovered new exit (range 15) 3248 | -10/Materials | Discovered new exit (range 9) 3362 | -10/Materials | Entered Mines 3409 | -10/Mines | Learned location of Storage (-8) 3523 | -10/Mines | Discovered new exit (range 6) 3607 | -10/Mines | Found a damaged Exp. Sensor Array with a note attached 3612 | -10/Mines | Found Prototype Device 3725 | -10/Mines | Deemed a non-threat by the Exiles lab entrance 3725 | -10/Mines | Discovered new exit (range 5) 3729 | -10/Mines | Entered Exiles 3746 | -10/Exiles | Discovered new exit (range 14) 3759 | -10/Exiles | Entered Mines 3786 | -9/Mines | Core integrity fell below 20% 3900 | -9/Mines | Received a Rocket Launcher from a helpful Derelict 4029 | -9/Mines | A weapon hastily lodged in a ceiling crevice suddenly fell to the ground 4141 | -9/Mines | Learned location of Zion (-6) 4306 | -9/Mines | Discovered new exit (range 3) 4311 | -9/Mines | Discovered new exit (range 9) 4321 | -9/Mines | Entered Materials 4321 | -8/Materials | Evolved 4 slots: Propulsion x1, Utility x2, Weapon x1 4396 | -8/Materials | Discovered new exit (range 12) 4474 | -8/Materials | Discovered new exit (range 17) 4634 | -8/Materials | Lost 4 parts (1p1n2w) 4638 | -8/Materials | Build established: Scavenger-Skirmisher 5435 | -8/Materials | Discovered new exit (range 3) 5437 | -8/Materials | Discovered new exit (range 14) 5482 | -8/Materials | Entered Factory 5482 | -7/Factory | Evolved 2 slots: Power x1, Propulsion x1 5955 | -7/Factory | Lost 5 parts (2p1n2w) 6283 | -7/Factory | Lost 3 parts (3n) 6557 | -7/Factory | Build established: Scavenger-Tank 6969 | -7/Factory | Lost 3 parts (1p1n1u) 6978 | -7/Factory | Core integrity fell below 50% 6989 | -7/Factory | Core integrity fell below 20% 6992 | -7/Factory | Destroyed by H-61 Shepherd with Heavy Assault Cannon Last Messages --------------- 06973_ <7TLFK%9N&X24/ZB1A X0,B,FE 06973_ Kicked G-47 Trooper. 06974_ Kicked G-47 Trooper out of the way. 06974_ Imp. Titanium Leg destroyed. 06975_ Kicked G-47 Trooper out of the way. 06975_ Slug penetrates Wall. 06975_ Aluminum Leg destroyed. 06975_ Shotgun destroyed. 06975_ Knocked back. 06977_ Imp. Titanium Leg destroyed. 06980_ Shotgun destroyed. 06980_ Transmission Jammer destroyed. 06980_ Lrg. Storage Unit destroyed. 06980_ Knocked back. 06985_ Acquired 6 matter. 06986_ Knocked back. 06988_ Rnf. Deuterium Engine destroyed. 06990_ Penetrated by Slug. 06991_ Acquired 6 matter. 06992_ Penetrated by Slug. Map ----- +----------------------------------------------------+ | ?????????????????????????????????????????????????? | | ?????????????????????????????????????????????????? | | ?????????????????????????????????????????????????? | | ?????????????????????????????????????????????????? | | ?????????????????????????????????????????????????? | | ?????????????????????????????????????????????????? | | ?????????????????????????????????????????????????? | | ?????????????????????????????????????????????????? | | ?????????????????????????????????????????????????? | | ?????????????????????????????????????#???????????? | | ????????????????????????????????????? ???????????? | | ????????????????????????????????????? ???????????? | | ????????????????????????????????????? ???????????? | | ????????????????????????????????????? ???????????? | | ????????????????????????????????????? ???????????? | | ????????????????????????????????????? ???????????? | | ????????????????????????????????????+ #??????????? | | ????????????????????????????????????# #??????????? | | ????????????????????????????????????# #??????????? | | ????????????????????????????????????# #?????????#? | | ????????????????????????????????????# #???????? #? | | ????????????????????????????????????# #?????### ## | | ?????????????????????????????######## ###### | | ?????????????????????????????# %%/ | | ???????? ########## =]* | | ???????? @ [!*=% H | | ???????? ########## % %[=g | | ?????????????????????????????# x g | | ?????????????????????????????# ######## ## | | ?????????????????????????????# #??????# #???#### | | ?????????????????????????????# #??????#=#??????? | | ?????????????????????????????# #??????# #??????? | | ?????????????????????????????# #??????# #??????? | | ?????????????????????????????# #??????#[#??????? | | ?????????????????????????????# #??????#[#??????? | | ?????????????????????????????# #??????# #??????? | | ?????????????????????????????# #??????# #??????? | | ?????????????????????????????# #?????## ####???# | | ????????????????????????????? ?????# | = ##### | | ????????????????????????????? T" ?????# ! | | ????????????????????????????? " ?????# | | ????????????????????????????? ?? ?????# | | ???????????????????????????????????????# ##### | | ???????????????????????????????????????#######???# | | ?????????????????????????????????????????????????? | | | | | | | | | | | +----------------------------------------------------+ Best States ------------- Heat Dissipation 34 Energy Generation 23 Energy Capacity 990 Matter Stores 400 Matter Capacity 400 Sight Range 18 Terrain Scan Range 16 Terrain Scan Density 10 Jamming Range 12 Additional Mass Support 6 Propulsion Shielding 66 Evasion (%) 55 Item Schematics ----------------- None Robot Schematics ------------------ None Fabricated ------------ Nothing Alien Tech Used ----------------- None Achievements -------------- None Challenges ------------ None Game ------ Seed PhaseSmartbombMultirail Manual? 0 Play Time 00:52:25 Cumulative 16.1 hours Start 2024.11.28 @ 00:45:57 End 2024.11.28 @ 01:37:42 Sessions 2 Manual Loads 0 Difficulty Rogue Special Mode None Game No. 16 Rogue 14 Adventurer 2 Explorer 0 Win Type - Total 0 Types 0/0/0/0/0/0/0/0/0 Lore% 10 Gallery% 24 Achievement% 24 Wizard Run 0 Options --------- Layout 1 ASCII 0 Keyboard 0 Movement Mouse Keybinds 0 Fullscreen 2 Font 24/Proggy Map View 50x40 Zoom Use 54% Tactical HUD 1 Map Filters NONE Filters NONE Steam 1 RUN: 389fe2a8-27f1-4e7b-bdb4-e41dcf66d743